 Dungeon Crawl Stone Soup version 0.23.2-40-g277498a001 (webtiles) character file.

Game seed: 1824923210686670540

484 Descartes the Digger (level 7, 0/50 HPs)
             Began as a Formicid Earth Elementalist on Sept 6, 2019.
             Slain by a gnoll shaman
             ... wielding a +0 whip
              (3 damage)
             ... on level 4 of the Dungeon.
             The game lasted 00:11:19 (4764 turns).

Descartes the Digger (Formicid Earth Elementalist)  Turns: 4764, Time: 00:11:20

Health: 0/50       AC:  4    Str: 13    XL:     7   Next: 35%
Magic:  0/20       EV: 12    Int: 18    God:
Gold:   202        SH:  0    Dex: 11    Spells: 8/13 levels left

rFire    . . .     SeeInvis +   C - +0 falchion
rCold    . . .     Gourm    .   (no shield)
rNeg     . . .     Faith    .   a - +0 leather armour
rPois    .         Spirit   +   (helmet unavailable)
rElec    .         Reflect  .   F - scarf {Spirit}
rCorr    .         Harm     .   r - +0 pair of gloves
MR       .....                  (no boots)
Stlth    +.........             (no amulet)
HPRegen  0.16/turn              y - ring of flight
MPRegen  0.17/turn              D - ring of magical power

@: glowing
A: permanent stasis, dig shafts and tunnels, four strong arms, antennae 3,
clever 1, low mp 1
a: Dig, Shaft Self, Evoke Flight


You were on level 4 of the Dungeon.
You were not hungry.

You visited 1 branch of the dungeon, and saw 4 of its levels.

You collected 202 gold pieces.

Inventory:

Hand Weapons
 e - a +0 dagger
 g - a +0 spear
 C - a +0 falchion (weapon)
Missiles
 b - 62 stones (quivered)
 k - 102 arrows
 m - 17 bolts
 B - 2 tomahawks
 E - 22 sling bullets
Armour
 a - a +0 leather armour (worn)
 c - a +0 robe
 f - a +0 plate armour
 r - a +0 pair of gloves (worn)
 v - a +0 large shield
 F - a scarf of spirit shield (worn)
Jewellery
 y - a ring of flight (left hand)
 D - a ring of magical power (right hand)
Scrolls
 i - 2 scrolls of enchant armour {unknown}
 j - 4 scrolls of remove curse {unknown}
 l - 3 scrolls of amnesia {unknown}
 n - a scroll of enchant weapon {unknown}
 o - 5 scrolls of identify {unknown}
 p - a scroll of teleportation {unknown}
 t - 3 scrolls of magic mapping {unknown}
 x - 3 scrolls of immolation {unknown}
 A - a scroll of noise {unknown}
Potions
 h - a potion of brilliance {unknown}
 q - a potion of mutation
 s - 2 potions of curing {unknown}
 u - 2 potions of agility {unknown}
 w - a potion of magic {unknown}
 z - a potion of heal wounds {unknown}
 H - a potion of might {unknown}
Comestibles
 d - 9 rations


   Skills:
 + Level 2.2 Fighting
 + Level 0.9 Long Blades
 + Level 2.1 Armour
 + Level 2.6 Dodging
 + Level 3.7 Stealth
 * Level 2.7 Shields
 * Level 3.9 Spellcasting
 * Level 0.5 Conjurations
 * Level 0.9 Hexes
   Level 1.1 Transmutations
 * Level 5.2 Earth Magic


You had 8 spell levels left.
You knew the following spells:

 Your Spells              Type           Power        Failure   Level  Hunger
a - Stone Arrow           Conj/Erth      ##....       17%         3    ###....
b - Sandblast             Erth           ###...       2%          1    None
c - Confusing Touch       Hex            #.....       13%         1    None

Your spell library contained the following spells:

 Spells                   Type           Power        Failure   Level  Hunger
 Passwall                 Tmut/Erth      ##......     8%          2    ##.....
 Animate Skeleton         Necr           N/A          19%         1    None
 Apportation              Tloc           #.....       19%         1    None
 Summon Small Mammal      Summ           #...         19%         1    None
 Petrify                  Tmut/Erth      ##......     45%         4    ####...
 Lee's Rapid Deconstruct  Erth           ###.......   52%         5    ######.


Dungeon Overview and Level Annotations

Branches:
Dungeon (4/15)
 Temple: D:4-7

Altars:
Ashenzari


Innate Abilities, Weirdness & Mutations

You cannot be hasted, slowed, berserked, paralysed or teleported.
You can dig through walls and to a lower floor.
Your four strong arms can wield two-handed weapons with a shield.
You have a pair of large antennae on your head. (SInv)
Your mind is acute. (Int +2)
Your magical capacity is low. (-10% MP)


Message History

The gnoll shaman is heavily wounded.
The gnoll shaman mumbles some strange prayers to its god.
The gnoll shaman is healed somewhat.
The gnoll shaman hits you with a +0 whip.
* * * LOW HITPOINT WARNING * * *
You completely miss the gnoll shaman.
The gnoll shaman is moderately wounded.
The gnoll shaman hits you but does no damage.
You hit the gnoll shaman but do no damage.
The gnoll shaman is moderately wounded.
The gnoll shaman hits you with a +0 whip!
* * * LOW HITPOINT WARNING * * *
You closely miss the gnoll shaman.
The gnoll shaman is moderately wounded.
The gnoll shaman hits you with a +0 whip.
* * * LOW HITPOINT WARNING * * *
It was a potion of mutation.
You feel extremely strange.
You feel less energetic.
You feel clever.
The gnoll shaman hits you with a +0 whip.
You die...

#### ..# ####.##
#)g@..#
#.....##..#######
#..## #........#
# #.######.# ...#
#.# ##### #.#
#########
##)######
#.......#
#....<..# #.
#.......#
#.......#


You could see a gnoll shaman.

Vanquished Creatures
  Purgy (D:3)
  An ogre (D:4)
  A scorpion (D:4)
  A hound (D:3)
  A centaur skeleton (D:4)
  A worker ant (D:4)
  Terence (D:3)
  4 gnolls
  4 adders (D:3)
  An ooze (D:3)
  2 worms (D:2)
  3 orcs (D:3)
  2 ball pythons (D:1)
  2 giant cockroaches (D:3)
  12 goblins
  5 hobgoblins
  7 jackals
  5 kobolds
  10 bats
  3 frilled lizards
  14 rats
81 creatures vanquished.

Notes
Turn   | Place    | Note
-------+----------+-------------------------------------------
     0 | D:1      | Descartes the Formicid Earth Elementalist began the quest
                  | for the Orb.
     0 | D:1      | Reached XP level 1. HP: 13/13 MP: 3/3
   119 | D:1      | Reached XP level 2. HP: 19/19 MP: 5/5
   172 | D:1      | Reached skill level 4 in Earth Magic
   172 | D:1      | Reached XP level 3. HP: 7/25 MP: 1/6
  1258 | D:2      | Reached skill level 1 in Fighting
  1377 | D:2      | Found a shattered altar of Ashenzari.
  1490 | D:2      | Learned a level 3 spell: Stone Arrow
  1925 | D:2      | Reached skill level 1 in Armour
  1925 | D:2      | Reached XP level 4. HP: 32/32 MP: 1/8
  2500 | D:3      | Reached skill level 1 in Shields
  2738 | D:3      | Noticed Terence
  2740 | D:3      | Killed Terence
  2740 | D:3      | Reached XP level 5. HP: 37/37 MP: 2/9
  4044 | D:4      | Noticed an ogre
  4047 | D:4      | Killed an ogre
  4047 | D:4      | Reached XP level 6. HP: 44/44 MP: 6/11
  4131 | D:4      | Reached skill level 5 in Earth Magic
  4479 | D:4      | Reached XP level 7. HP: 45/50 MP: 12/12
  4544 | D:4      | Learned a level 1 spell: Confusing Touch
  4577 | D:4      | Noticed Purgy
  4591 | D:3      | Killed Purgy
  4763 | D:4      | HP: 2/50 [gnoll shaman/+0 whip (1)]
  4764 | D:4      | Gained mutation: Your magical capacity is low. (-10% MP)
                  | [potion of mutation]
  4764 | D:4      | Gained mutation: Your mind is acute. (Int +2) [potion of
                  | mutation]
  4764 | D:4      | Slain by a gnoll shaman

Skill      XL: |  1  2  3  4  5  6 |
---------------+-------------------+-----
Earth Magic    | 4 5 |  5.2
Dodging        | 2 |  2.6
Fighting       | 1 2 |  2.2
Armour         | 1 2 |  2.1
Spellcasting   | 3 |  3.9
Shields        | 1 2 |  2.7
Stealth        | 3 |  3.7
Long Blades    | |  0.9
Conjurations   | |  0.5
Hexes          | |  0.9
Transmutations | |  1.1

Action                   |  1- 3 |  4- 6 |  7- 9 || total
-------------------------+-------+-------+-------++-------
Melee: Dagger            |    37 |       |       ||    37
       Spear             |    70 |    39 |       ||   109
       Falchion          |       |     8 |    23 ||    31
 Cast: Sandblast         |    10 |    21 |     7 ||    38
       Stone Arrow       |     2 |    31 |     8 ||    41
  Use: Potion            |       |       |     1 ||     1
 Stab: Sleeping          |     4 |     1 |       ||     5
  Eat: Chunk             |     4 |    10 |     1 ||    15
       Ration            |       |       |     1 ||     1
Armor: Leather armour    |    28 |     5 |     4 ||    37
Dodge: Dodged            |    58 |    35 |    14 ||   107
       Rpst.: Falchion   |       |     2 |     4 ||     6
